Map: 아크로폴리스 - 래더

Players

soO

  • Race: Zerg Zerg
  • League: Master
  • Spawn Location: 5:00

Zest - Winner!

  • Race: Protoss Protoss
  • League: Master
  • Spawn Location: 11:00

Event: HomeStory Cup XX

VOD

Have the link to the VOD?

Description

Time

  • Played on: Nov. 22, 2019, 8:52 a.m.
  • Length: 19:48

All games in this series

Show
View Real Time Build Order
Export as new Build Order

soO Zerg 

Build Orders: Hatch First 

Get SALT Encoding   

  12  0:00  Drone  
  13  0:12  Overlord  
  13  0:16  Drone  
  14  0:30  Drone x2  
  16  0:48  Hatchery  
  15  0:50  Drone  
  15  0:54  Drone  
  17  0:57  Drone  
  18  1:08  Extractor  
  17  1:13  Spawning Pool  
  17  1:16  Drone  
  17  1:19  Drone  
  18  1:27  Drone  
  19  1:38  Drone  
  20  1:49  Overlord  
  20  2:00  Queen x2  
  24  2:01  Zergling x2  
  24  2:02  Drone  
  26  2:12  Drone x2, Metabolic Boost  
  28  2:21  Drone x2  
  30  2:32  Drone  
  30  2:34  Drone  
  32  2:39  Hatchery  
  31  2:44  Queen  
  31  2:49  Overlord  
  33  2:52  Zergling x2  
  33  2:54  Drone  
  33  2:56  Drone  
  36  3:07  Drone  
  36  3:08  Drone  
  36  3:12  Drone x3  
  41  3:13  Drone  
  41  3:15  Drone  
  41  3:18  Overlord  
  43  3:21  Drone  
  44  3:31  Overlord  
  44  3:39  Overlord  
  44  3:42  Spore Crawler, Drone  
  44  3:47  Overlord  
  44  3:49  Queen  
  44  3:51  Drone x3  
  44  3:52  Queen, Drone x2  
  44  3:54  Zergling x4  
  55  3:57  Spore Crawler  
  55  4:00  Drone  
  55  4:02  Drone  
  56  4:04  Drone  
  56  4:06  Spore Crawler, Drone  
  56  4:08  Drone  
  58  4:11  Drone  
  58  4:13  Drone  
  59  4:20  Drone x3  
  59  4:21  Drone x2  
  63  4:24  Drone  
  63  4:29  Drone x3  
  65  4:33  Lair  
  65  4:35  Extractor  
  65  4:37  Roach Warren  
  65  4:38  Drone  
  64  4:41  Drone x2  
  65  4:45  Zergling x2  
  65  4:46  Zergling x4  
  67  4:53  Drone x2  
  67  4:56  Extractor  
  67  4:57  Extractor  
  67  4:59  Drone x3  
  70  5:04  Drone x4  
  70  5:05  Overlord  
  70  5:06  Extractor  
  73  5:08  Overlord  
  73  5:10  Overlord  
  73  5:15  Overlord  
  73  5:17  Drone  
  73  5:21  Overlord  
  74  5:23  Overlord  
  74  5:24  Drone x2  
  77  5:28  Drone  
  77  5:31  Hydralisk Den  
  76  5:35  Drone  
  76  5:36  Drone x2  
  79  5:43  Drone x2  
  79  5:44  Drone x2  
  79  5:47  Drone  
  79  5:58  Drone  
  79  5:59  Hydralisk x2  
  79  6:00  Hydralisk x6  
  96  6:05  Overlord  
  96  6:06  Grooved Spines, Extractor  
  96  6:08  Hydralisk x4  
  96  6:11  Overlord, Drone  
  104  6:16  Drone  
  105  6:26  Hatchery  
  105  6:27  Hydralisk x3  
  102  6:33  Hydralisk x2  
  105  6:41  Evolution Chamber  
  105  6:43  Overlord  
  105  6:46  Overlord  
  104  6:48  Drone x3  
  104  6:52  Drone  
  104  6:53  Baneling Nest  
  107  6:56  Drone  
  108  7:01  Overlord  
  108  7:07  Drone  
  108  7:08  Zerg Missile Weapons Level 1, Drone  
  110  7:12  Drone x2  
  110  7:14  Drone x2  
  110  7:15  Drone  
  115  7:17  Zergling x16  
  115  7:18  Muscular Augments  
  115  7:20  Overseer  
  123  7:25  Drone  
  123  7:26  Overlord  
  124  7:30  Zergling x2  
  125  7:38  Drone x6  
  125  7:39  Drone  
  125  7:42  Drone x5  
  134  7:47  Infestation Pit, Drone  
  134  7:52  Centrifical Hooks  
  134  7:59  Drone x2  
  134  8:04  Hatchery, Drone x2  
  134  8:05  Spore Crawler  
  134  8:07  Zergling x14  
  141  8:16  Zergling x12  
  141  8:19  Baneling x6  
  147  8:20  Overseer  
  147  8:31  Zergling x8  
  151  8:34  Overlord  
  151  8:36  Extractor  
  151  8:38  Hatchery  
  151  8:39  Zergling x2  
  151  8:40  Zergling x4  
  152  8:41  Overlord  
  152  8:43  Spore Crawler, Overlord  
  152  8:44  Overseer, Overlord  
  152  8:48  Hive  
  151  8:50  Overlord, Drone  
  151  8:52  Spire  
  151  8:54  Drone x3  
  151  8:55  Drone  
  155  8:57  Baneling x13  
  155  9:01  Zergling x10  
  159  9:04  Zergling x6  
  162  9:13  Zergling x12  
  162  9:16  Zerg Melee Weapons Level 1  
  168  9:20  Baneling x5  
  168  9:21  Zergling x10  
  173  9:27  Pneumatized Carapace  
  173  9:34  Zergling x2  
  173  9:35  Zergling x20  
  183  9:39  Drone x3  
  186  9:50  Spine Crawler, Drone x2  
  186  9:51  Spine Crawler, Drone  
  186  9:53  Spine Crawler  
  186  9:57  Baneling x8  
  186  9:58  Zergling x24  
  197  10:02  Hatchery, Adrenal Glands  
  197  10:04  Greater Spire  
  195  10:20  Zergling x14  
  197  10:23  Zergling x10  
  193  10:28  Baneling x9  
  193  10:29  Baneling x8  
  193  10:31  Extractor  
  193  10:33  Zergling x18  
  193  10:34  Baneling x7, Extractor  
  187  10:54  Corruptor x4  
  187  10:56  Overlord  
  187  10:58  Overlord x2  
  185  11:05  Drone  
  185  11:07  Overlord  
  146  11:23  Corruptor x5  
  131  11:32  Corruptor x6  
  125  11:33  Hydralisk x2  
  125  11:34  Hydralisk x5  
  125  11:35  Zergling x22  
  156  11:43  Zerg Melee Weapons Level 2  
  156  11:48  Corruptor  
  156  11:50  Zergling x20  
  168  11:56  Drone x3  
  168  11:58  Baneling x3, Overseer  
  168  12:00  Zergling x12  
  177  12:03  Zerg Flyer Weapons Level 1  
  177  12:06  Zergling x10  
  182  12:10  Baneling  
  182  12:11  Baneling x5  
  182  12:14  Zergling x2  
  182  12:15  Zergling x2  
  184  12:16  Zergling x14  
  184  12:18  Baneling x6  
  191  12:23  Zergling x12  
  191  12:25  Baneling x4  
  191  12:26  Baneling x3  
  191  12:28  Zergling x4  
  199  12:33  Overseer  
  199  12:44  Zergling x40, Overseer  
  171  12:52  Zergling x20  
  162  13:01  Corruptor x4  
  166  13:12  Baneling x8  
  166  13:16  Corruptor x4  
  174  13:27  Baneling, Spire  
  174  13:28  Baneling x8  
  174  13:31  Hydralisk  
  174  13:32  Hydralisk x4, Zergling x4  
  185  13:37  Baneling x7  
  185  13:38  Overseer  
  185  13:39  Overseer  
  185  13:43  Baneling  
  185  13:54  Zergling x2  
  185  13:55  Zergling x28  
  200  13:58  Zerg Missile Weapons Level 2  
  197  14:18  Zergling x6  
  197  14:20  Baneling x5  
  200  14:32  Zerg Flyer Weapons Level 2  
  200  14:36  Hatchery  
  199  14:39  Hatchery  
  191  14:52  Zerg Flyer Armor Level 1  
  191  14:53  Neural Parasite  
  191  15:02  Corruptor x3  
  191  15:03  Corruptor  
  191  15:04  Baneling  
  191  15:05  Baneling x5  
  199  15:14  Baneling  
  183  15:30  Baneling  
  183  15:31  Baneling x5  
  183  15:33  Viper x2  
  189  15:36  Baneling x3  
  189  15:40  Zergling x2, Lurker Den  
  189  15:41  Zergling x22  
  198  16:10  Drone  
  199  16:12  Extractor  
  199  16:13  Extractor  
  199  16:14  Zerg Melee Weapons Level 3  
  194  16:38  Corruptor x6  
  200  16:41  Seismic Spines  
  200  16:42  Spore Crawler x2  
  200  16:43  Spore Crawler x2, Overseer x3  
  200  16:44  Overseer x2  
  183  17:24  Zergling x34  
  183  17:26  Baneling x5  
  200  17:38  Adaptive Talons  
  172  18:12  Viper x3  
  125  18:27  Hydralisk x13  
  125  18:28  Zergling x22  
  158  18:36  Corruptor x7  
  158  18:37  Hydralisk x3  
  158  18:38  Hydralisk x5  
  158  18:39  Zergling x28  
  196  18:51  Baneling x5  
  196  18:52  Baneling x5  
  196  19:01  Overseer x2  
  196  19:02  Overseer  
  190  19:07  Zergling x2  
  190  19:08  Zergling x22  
  195  19:13  Baneling x3  
  195  19:14  Baneling x14  
  195  19:16  Zergling x12  
  195  19:17  Zergling x6  
Show
View Real Time Build Order
Export as new Build Order

Zest Protoss - Winner!

Build Orders: 1 Gate Expand, Oracle Opening, Phoenix Opening, Carriers, Chargelot Immortal, Mass Phoenix 

Get SALT Encoding   

  12  0:00  Probe  
  13  0:12  Probe  
  14  0:18  Pylon  
  14  0:23  Probe  
  15  0:32  Probe  
  15  0:38  Gateway  
  15  0:40  Probe  
  16  0:47  Assimilator  
  17  0:52  Probe  
  18  1:04  Probe  
  19  1:16  Probe  
  20  1:25  Nexus  
  20  1:34  Cybernetics Core  
  20  1:38  Probe  
  21  1:43  Assimilator  
  21  1:50  Probe  
  21  1:53  Pylon  
  22  2:01  Adept  
  22  2:02  Probe  
  23  2:14  Probe  
  26  2:17  Stargate  
  26  2:25  Warp Gate  
  26  2:26  Probe  
  27  2:34  Probe, Stalker  
  29  2:38  Probe  
  29  2:42  Probe  
  31  2:50  Probe  
  33  2:51  Probe  
  33  2:52  Phoenix  
  34  3:02  Probe  
  34  3:03  Probe  
  38  3:13  Pylon, Oracle  
  38  3:15  Probe  
  38  3:16  Probe  
  44  3:27  Probe  
  44  3:28  Assimilator  
  44  3:29  Probe  
  44  3:30  Assimilator  
  44  3:34  Gateway  
  45  3:39  Probe  
  45  3:41  Probe  
  47  3:42  Pylon  
  47  3:50  Probe  
  47  3:51  Probe, Stargate  
  49  3:57  Pylon  
  49  3:58  Probe  
  50  4:03  Probe  
  50  4:04  Phoenix  
  50  4:07  Probe  
  53  4:15  Probe  
  55  4:21  Probe  
  56  4:27  Probe  
  57  4:31  Phoenix  
  57  4:32  Phoenix  
  57  4:33  Probe  
  57  4:37  Adept x2  
  66  4:41  Pylon  
  66  4:49  Phoenix x2  
  65  4:59  Nexus  
  69  5:03  Pylon  
  69  5:08  Pylon  
  69  5:14  Phoenix x2  
  69  5:19  Robotics Facility  
  73  5:28  Probe x2, Robotics Facility  
  75  5:32  Shield Battery  
  75  5:34  Sentry  
  77  5:37  Pylon  
  77  5:40  Probe  
  78  5:45  Probe  
  79  5:52  Probe  
  78  5:57  Probe  
  78  6:03  Immortal  
  80  6:04  Probe  
  80  6:06  Gateway  
  80  6:07  Gateway  
  80  6:08  Gateway  
  80  6:09  Probe, Gateway  
  81  6:16  Probe  
  81  6:17  Sentry x2  
  90  6:23  Immortal  
  90  6:34  Immortal  
  90  6:37  Shield Battery  
  94  6:40  Shield Battery  
  98  6:49  Probe x2, Pylon  
  98  6:51  Probe  
  101  7:01  Probe x2  
  101  7:02  Immortal  
  101  7:03  Probe  
  101  7:04  Assimilator  
  101  7:06  Assimilator  
  108  7:10  Probe, Twilight Council  
  108  7:11  Probe, Forge  
  108  7:13  Probe  
  111  7:18  Probe  
  111  7:19  Probe  
  110  7:23  Immortal  
  110  7:25  Probe  
  110  7:28  Probe  
  116  7:30  Probe, Pylon  
  116  7:31  Pylon  
  116  7:34  Pylon  
  116  7:35  Protoss Ground Weapons Level 1  
  118  7:37  Probe  
  118  7:42  Immortal  
  123  7:47  Charge  
  123  7:50  Templar Archives  
  123  7:57  Gateway  
  123  7:58  Gateway  
  123  8:04  Observer  
  124  8:07  Psionic Storm  
  124  8:08  Photon Cannon  
  124  8:09  Photon Cannon  
  124  8:11  Pylon  
  124  8:14  Photon Cannon  
  124  8:22  Observer, Pylon  
  125  8:28  High Templar x3  
  125  8:29  Pylon  
  125  8:33  Pylon  
  131  8:38  High Templar  
  133  8:45  High Templar  
  133  8:47  Gateway  
  135  8:50  Gateway  
  135  8:54  Pylon  
  135  9:01  Nexus  
  135  9:03  Pylon  
  135  9:04  Fleet Beacon  
  134  9:20  Pylon  
  134  9:21  Pylon  
  134  9:22  Zealot x8  
  150  9:32  Carrier x2  
  150  9:35  Nexus  
  150  9:36  Pylon  
  150  9:45  Observer, Pylon  
  160  10:01  Shield Battery x2  
  160  10:03  Shield Battery x2  
  160  10:05  Protoss Ground Weapons Level 2  
  160  10:06  Photon Cannon x2  
  160  10:10  High Templar  
  158  10:22  Protoss Air Weapons Level 1  
  158  10:28  Carrier  
  154  10:36  Carrier  
  154  10:37  Assimilator  
  154  10:39  Assimilator  
  166  10:43  Mothership  
  164  11:15  Zealot x9  
  163  11:18  Zealot  
  163  11:20  Carrier  
  135  11:27  Carrier  
  133  11:37  Shield Battery  
  133  11:38  Shield Battery  
  139  11:41  Photon Cannon  
  139  11:42  Photon Cannon  
  139  11:43  High Templar  
  139  11:44  High Templar x2, Photon Cannon  
  139  11:45  High Templar  
  153  11:49  Observer  
  153  11:50  Archon  
  153  11:51  Archon  
  153  11:59  Probe x3, Gateway  
  156  12:03  Sentry x2  
  156  12:05  Blink  
  156  12:06  High Templar  
  162  12:24  Void Ray  
  162  12:25  Void Ray  
  162  12:27  Protoss Air Weapons Level 2, Probe  
  167  12:32  Protoss Shields Level 1  
  171  12:42  Archon  
  171  12:43  Zealot x3  
  171  12:44  Zealot  
  157  12:49  Zealot x6  
  137  12:56  Void Ray  
  125  13:03  Shield Battery  
  125  13:05  High Templar x3  
  129  13:09  Archon  
  129  13:10  High Templar  
  129  13:12  Void Ray  
  135  13:13  Observer  
  135  13:14  Archon  
  135  13:23  Zealot x6  
  151  13:27  Photon Cannon  
  151  13:29  Void Ray  
  151  13:30  Observer x2  
  157  13:45  Observer, High Templar x2  
  161  13:50  Archon  
  161  13:51  Sentry  
  161  14:16  High Templar x4  
  169  14:17  Zealot x5, Void Ray  
  169  14:18  Zealot x2  
  169  14:21  Void Ray  
  183  14:27  Observer  
  191  14:37  Photon Cannon  
  191  14:38  Pylon  
  177  14:54  Void Ray  
  177  14:58  Pylon  
  177  15:00  Void Ray  
  177  15:01  Unknown  
  177  15:02  Nexus  
  177  15:03  Protoss Shields Level 2  
  184  15:26  Void Ray  
  182  15:36  Void Ray  
  182  15:39  Photon Cannon x2  
  182  15:42  Nexus  
  186  15:43  Photon Cannon, Shield Battery  
  186  15:44  Shield Battery  
  186  15:46  Pylon, Photon Cannon  
  190  15:54  Observer x2  
  189  16:12  High Templar x2  
  189  16:13  Assimilator, High Templar x2  
  189  16:15  Observer  
  189  16:16  Archon x2  
  189  16:17  Assimilator, Photon Cannon  
  198  16:21  Protoss Air Weapons Level 3  
  198  16:23  Warp Prism  
  200  16:37  Observer  
  197  16:58  Observer  
  182  17:02  Photon Cannon x2  
  182  17:03  High Templar  
  182  17:04  High Templar x3  
  190  17:10  Archon x2  
  190  17:13  Dark Shrine  
  190  17:28  Zealot x5  
  198  17:55  Zealot x2  
  198  17:56  Zealot  
  200  18:00  Zealot  
  198  18:12  Zealot x7  
  173  18:30  Assimilator, Pylon  
  173  18:32  High Templar x4  
  173  18:33  Zealot x3, High Templar x2  
  173  18:34  Zealot  
  193  18:37  Assimilator, Archon x2  
  193  18:53  Archon  
  193  18:55  Dark Templar x3  
  187  19:30  Archon  
  159  19:38  Zealot x11  
Tags
 
Add a new tag
Caveats
  • Supply blocks, unpowered buildings, or Contaminate may cause inaccurate times.
  • Supply counts are checked every 10 seconds.